 Dungeon Crawl Stone Soup version 0.20-a0-1109-ge3cd172 (webtiles) character file.

107 grindst0ne the Skirmisher (level 4, -9/42 HPs)
             Began as a Minotaur Berserker on May 5, 2017.
             Was a Believer of Trog.
             Killed by nerve-wracking pain
             ... invoked by Jessica
              (13 damage)
             ... on level 3 of the Dungeon.
             The game lasted 00:05:08 (2709 turns).

grindst0ne the Skirmisher (Minotaur Berserker)      Turns: 2709, Time: 00:05:09

Health: -9/42      AC:  2    Str: 23    XL:     4   Next: 57%
Magic:  3/3        EV: 12    Int:  4    God:    Trog [**....]
Gold:   116        SH:  0    Dex:  9    Spells: 3/3 levels left

rFire    . . .     SeeInvis .   a - +0 mace
rCold    . . .     Gourm    .   (no shield)
rNeg     . . .     Faith    .   b - +0 animal skin
rPois    .         Spirit   .   (helmet restricted)
rElec    .         Reflect  .   (no cloak)
rCorr    .         Harm     .   (no gloves)
MR       .....                  (no boots)
Stlth    +.........             (no amulet)
Regen    0.2/turn               (no ring)
MPRegen  0.1/turn               (no ring)

@: no status effects
A: retaliatory headbutt, horns 2
a: Berserk, Trog's Hand, Burn Spellbooks, Renounce Religion


You were on level 3 of the Dungeon.
You worshipped Trog.
Trog was pleased with you.
You were not hungry.

You visited 1 branch of the dungeon, and saw 3 of its levels.

You collected 116 gold pieces.

Inventory:

Hand Weapons
 a - a +0 mace (weapon)
Missiles
 f - 7 tomahawks (quivered)
Armour
 b - a +0 animal skin (worn)
 t - a cursed +0 leather armour
Jewellery
 s - an uncursed ring of fire {unknown}
Wands
 u - a wand of paralysis (7/24)
Scrolls
 e - 3 scrolls of teleportation {unknown}
 g - a scroll of magic mapping {unknown}
 j - 3 scrolls of remove curse {unknown}
 o - a scroll of blinking {unknown}
 q - a scroll of enchant weapon {unknown}
Potions
 d - a potion of cancellation {unknown}
 h - a potion of brilliance {unknown}
 k - 2 potions of heal wounds {unknown}
 l - a potion of might {unknown}
 n - a potion of degeneration {unknown}
 p - a potion of curing {unknown}
 v - a potion of agility {unknown}
Comestibles
 c - a bread ration
 i - 2 meat rations
 m - a fruit
 r - 4 chunks of flesh


   Skills:
 + Level 5.4 Fighting
 + Level 5.0 Maces & Flails
 - Level 2.4 Armour
 - Level 2.1 Dodging


You had 3 spell levels left.
You didn't know any spells.

Dungeon Overview and Level Annotations

Branches:
Dungeon (3/15)

Altars:

Annotations:
D:3 Jessica


Innate Abilities, Weirdness & Mutations

You reflexively headbutt those who attack you in melee.
You have a pair of horns on your head.


Message History

* * * LOW HITPOINT WARNING * * *
You see here a tomahawk.
Jessica the Apprentice Sorceress comes into view.
She is wielding a club.
Jessica gestures wildly while chanting.
Jessica seems to speed up.
The orc throws a tomahawk.
The tomahawk hits you.
* * * LOW HITPOINT WARNING * * *
You see here a tomahawk.
Jessica gestures wildly while chanting.
Jessica blinks!
The orc shouts!
Jessica gestures wildly while chanting.
Jessica blinks!
Jessica shouts, "You're disturbing me!
I'll have to kill you!" The orc hits you but does no damage.
Jessica gestures wildly while chanting.
Jessica blinks!
Jessica points at you and mumbles some strange words.
Pain shoots through your body!
You die...

....# ....#### .......#
##.....####
##........##########
##........#........#
###+#.....#..###...#####
###.#.....#.§...#.<....##
..#.#.#'#Koo.oo.@.@.......
#.#.#.#.###.....≈≈........
#.#.#.#.........≈≈≈.......
#...oo...##....≈≈.≈≈......
..........#....≈≈≈≈≈≈.....
###@#.#........≈.≈≈≈≈≈≈...
...............≈≈≈≈≈≈≈≈≈≈≈
..#.#.....##.≈..≈≈§≈≈≈≈≈.
..#.#.......


You could see Jessica, 4 orcs and a kobold.

Vanquished Creatures
  An orc priest (D:3)
  An adder (D:2)
  An ooze (D:2)
  3 worms (D:2)
  4 dart slugs
  A leopard gecko (D:1)
  2 orcs (D:3)
  7 bats
  7 goblins
  5 hobgoblins (D:1)
  4 kobolds
  2 ball pythons
  3 frilled lizards (D:2)
  5 rats
  2 bushes (D:1)
48 creatures vanquished.

Notes
Turn   | Place    | Note
-------+----------+-------------------------------------------
     0 | D:1      | grindst0ne the Minotaur Berserker began the quest for the Orb.
     0 | D:1      | Reached XP level 1. HP: 19/19 MP: 0/0
   312 | D:1      | Reached XP level 2. HP: 10/27 MP: 1/1
  1239 | D:1      | Reached XP level 3. HP: 26/34 MP: 2/2
  1966 | D:2      | Reached ** piety under Trog
  2385 | D:2      | Reached skill level 5 in Fighting
  2500 | D:2      | Reached XP level 4. HP: 42/42 MP: 3/3
  2677 | D:3      | Reached skill level 5 in Maces & Flails
  2680 | D:3      | Noticed Jessica
  2686 | D:3      | HP: 1/42 [orc/tomahawk (3)]
  2709 | D:3      | Killed from afar by Jessica

Vault maps used:
D:1:      dpeg_arrival_morbid_curiosity, serial_forest,
          infiniplex_forest_straight_2, infiniplex_forest_clump_tiny,
          infiniplex_forest_clump_C, infiniplex_forest_end_3,
          infiniplex_forest_clump_cross, infiniplex_forest_straight_2,
          infiniplex_forest_lined_3_way, infiniplex_forest_lined_ring,
          infiniplex_forest_zigzag_2
D:3:      minivault_23, hangedman_glass_teeth, lemuel_old_faithful, uniq_jessica

Skill      XL: |  1  2  3  4 |
---------------+-------------+-----
Maces & Flails | 4 5 |  5.0
Fighting       | 4 5 |  5.4
Armour         | |  2.4
Dodging        | |  2.1

Action                   |  1- 3 |  4- 6 || total
-------------------------+-------+-------++-------
Melee: Mace              |   181 |    14 ||   195
       Headbutt          |    61 |     2 ||    63
  Eat: Chunk             |     5 |     1 ||     6
Armor: Animal skin       |    12 |     4 ||    16
Dodge: Dodged            |    57 |    16 ||    73
